 Dungeon Crawl Stone Soup version 0.28-a0-622-gbaef9634d7 (webtiles) character file.

Game seed: 2169687996633980025

1761 kae the Grappler (level 8, -1/70 HPs)
             Began as a Black Draconian Transmuter on Oct 7, 2021.
             Was an Initiate of Ru.
             Slain by a gnoll (15 damage)
             ... on level 6 of the Dungeon.
             The game lasted 00:04:57 (7600 turns).

kae the Grappler (Black Draconian Transmuter)       Turns: 7600, Time: 00:04:58

Health: -1/70      AC:  2    Str: 13    XL:     8   Next: 79%
Magic:  10/11      EV: 19    Int: 16    God:    Ru [......]
Gold:   308        SH:  0    Dex: 16    Spells: 3/11 levels left

rFire   . . .      SeeInvis .     - Unarmed
rCold   . . .      Faith    .   (shield currently unavailable)
rNeg    . . .      Spirit   .   (armour unavailable)
rPois   x          Reflect  .   (helmet currently unavailable)
rElec   .          Harm     .   (cloak currently unavailable)
rCorr   .          Rampage  .   (gloves currently unavailable)
Will    .....                   (boots currently unavailable)
Stlth   +.........              (no amulet)
HPRegen 0.21/turn               (no ring)
MPRegen 0.12/turn               (no ring)

@: spider-form (expiring)
A: venomous fangs, (breathe lightning), AC +6, tiny, unfitting armour,
(electricity resistance), (cold-blooded)
a: End Transformation, Renounce Religion


You were on level 6 of the Dungeon.
You worshipped Ru.
Ru was noncommittal.
You were a venomous arachnid creature.
You visited 2 branches of the dungeon, and saw 7 of its levels.

You collected 308 gold pieces.

Inventory:

Hand Weapons
 n - the +4 dagger "Morg" (melded) {pain, Will+ Int+5}
   (You found it on level 4 of the Dungeon)

   In the hands of one skilled in necromantic magic, it inflicts extra damage on
   living creatures.
   Int:       It affects your intelligence (+5).
   Will:      It increases your willpower.
Armour
 l - a +0 cloak (melded)
Jewellery
 d - a +6 ring of intelligence
 i - a ring of fire
 j - an amulet of guardian spirit
Wands
 b - a wand of iceblast (9)
 f - a wand of paralysis (5)
Scrolls
 g - 2 scrolls of identify
 m - 2 scrolls of teleportation
Potions
 a - 2 potions of lignification
 c - a potion of ambrosia
 e - a potion of attraction
 h - 4 potions of mutation
 k - 3 potions of haste
 o - a potion of berserk rage


   Skills:
 + Level 5.6 Fighting
 - Level 1.7 Dodging
 * Level 8.1 Unarmed Combat
 - Level 2.0 Spellcasting
 + Level 5.6 Transmutations
 + Level 2.2 Ice Magic
 - Level 3.0 Poison Magic


You had 3 spell levels left.
You knew the following spells:

 Your Spells              Type           Power      Damage    Failure   Level
a - Beastly Appendage     Tmut           38%        N/A       8%          1
b - Spider Form           Tmut/Pois      7%         N/A       26%         3
c - Ice Form              Ice/Tmut       14%        N/A       61%         4

Your spell library contained the following spells:

 Spells                   Type           Power      Damage    Failure   Level
 Wereblood                Tmut           19%        N/A       11%         2


Dungeon Overview and Level Annotations

Branches:
Dungeon (6/15)             Temple (1/1) D:5

Altars:
Ashenzari
Dithmenos
Elyvilon
Fedhas
Gozag
Hepliaklqana
Kikubaaqudgha
Makhleb
Nemelex Xobeh
Okawaru
Qazlal
Ru
Sif Muna
Trog
Uskayaw
Vehumet
Wu Jian
Xom
Yredelemnul
Zin
The Shining One

Shops:
D:1 (   D:2 :[((


Innate Abilities, Weirdness & Mutations

You are a venomous arachnid creature.
You have poisonous fangs.
You are tiny and dextrous.
Your spellcasting is less reliable in this form.
Your armour is entirely melded.
You are incapable of wielding weapons or throwing items.
((You can breathe wild blasts of lightning.))
((Your glossy black scales are hard. (AC +6)))
You cannot fit into any form of body armour.
((You are resistant to electric shocks. (rElec)))
((You are cold-blooded and may be slowed by cold attacks.))


Message History

The gnoll hits you from afar with a +0 halberd!
The gnoll closely misses you. The gnoll misses you.
You are too injured to fight recklessly!
You are too injured to fight recklessly!
You are too injured to fight recklessly!
You are too injured to fight recklessly!
You are too injured to fight recklessly!
You hit the gnoll.
The gnoll is lightly wounded.
The gnoll completely misses you.
You bite the gnoll!
The gnoll is poisoned.
The gnoll is severely wounded.
The gnoll hits you with a +0 whip. The gnoll completely misses you.
You bite the gnoll!
You kill the gnoll!
The gnoll hits you from afar with a +0 halberd!
The gnoll barely misses you.
You hit the gnoll.
The gnoll is heavily wounded.
The gnoll barely misses you. The gnoll completely misses you.
You hit the gnoll.
The gnoll is poisoned.
The gnoll is heavily wounded.
The gnoll misses you. x2
You barely miss the gnoll.
The gnoll is almost dead.
The gnoll hits you from afar with a +0 halberd!
The gnoll misses you.
You hit the gnoll but do no damage.
The gnoll looks as sick as possible!
The gnoll is almost dead.
You kill the gnoll!
The gnoll barely misses you. The gnoll hits you with a +0 halberd!
* * * LOW HITPOINT WARNING * * *
Things that are here:
a +0 whip; a gnoll corpse You hit the gnoll.
The gnoll is poisoned.
The gnoll is heavily wounded.
Your transformation is almost over.
The gnoll hits you with a +0 halberd!
You die...

#.##''.....#.##+#
..##.#.....#....#####
...........+......>..
.....#.....#.#....#
.....####'##.#....#
..................###
####................#
. #.###.######.).#.#
. #.# #.# #)s...# .
#.# #. #.g#### #.
....# #. ###.## #.#
###


You could see a gnoll (very poisoned).

Vanquished Creatures
  Grinder (D:5)
  Prince Ribbit (D:5)
  Sigmund (D:5)
  A sky beast (D:5)
  2 black bears (D:6)
  A necrophage (D:5)
  A centaur (D:5)
  A phantom (D:5)
  2 bullfrogs (D:6)
  A jelly (D:5)
  2 water moccasin skeletons
  An electric eel (D:6)
  A hound (D:6)
  An orc priest (D:6)
  A gnoll shaman (D:6)
  Crazy Yiuf (D:5)
  5 orc wizards
  A hound skeleton (D:4)
  4 gnolls (D:6)
  An adder (D:2)
  A white imp (D:6)
  An adder skeleton (D:4)
  A worm (D:2)
  4 dart slugs
  9 orcs
  5 ball pythons
  4 endoplasms
  3 giant cockroaches
  14 goblins
  11 hobgoblins
  10 jackals
  3 kobolds
  4 quokkas
  5 bats
  A frilled lizard (D:2)
  A quokka skeleton (D:4)
  2 rats (D:2)
109 creatures vanquished.

Vanquished Creatures (others)
  44 plants (D:6)
44 creatures vanquished.

Grand Total: 153 creatures vanquished

Notes
Turn   | Place    | Note
-------+----------+-------------------------------------------
     0 | D:1      | kae the Draconian Transmuter began the quest for the Orb.
     0 | D:1      | Reached XP level 1. HP: 16/16 MP: 3/3
   213 | D:1      | Reached XP level 2. HP: 21/23 MP: 3/5
   283 | D:1      | Found Jaigecim's Weapon Shoppe.
   841 | D:1      | Found a faded altar of an unknown god.
  1040 | D:2      | Reached XP level 3. HP: 29/29 MP: 4/6
  1047 | D:2      | Learned a level 3 spell: Spider Form
  1071 | D:2      | Found Berecw's Antique Weapon Boutique.
  1114 | D:2      | Found Xeim's Weapon Boutique.
  1160 | D:2      | Found Hivecwey's Book Emporium.
  1367 | D:2      | Found Awuim's Armour Shoppe.
  1427 | D:2      | Reached skill level 1 in Poison Magic
  1647 | D:2      | Reached XP level 4. HP: 32/36 MP: 7/7
  2195 | D:3      | Reached skill level 4 in Unarmed Combat
  3077 | D:4      | Found a sparkling altar of Nemelex Xobeh.
  3126 | D:4      | Found the +4 dagger "Morg" {pain, Will+ Int+5}
  3529 | D:4      | Found an ornate altar of the Wu Jian Council.
  3529 | D:4      | Found an iron altar of Okawaru.
  3568 | D:5      | Entered Level 5 of the Dungeon
  3594 | D:5      | Noticed a centaur
  3597 | D:5      | Noticed Prince Ribbit
  3600 | D:5      | Noticed a necrophage
  3602 | D:5      | Noticed a sky beast
  3618 | D:5      | Killed a sky beast
  3619 | D:5      | Reached XP level 5. HP: 20/42 MP: 1/8
  3738 | D:5      | Killed a necrophage
  3739 | D:5      | Reached XP level 6. HP: 41/50 MP: 9/9
  3802 | D:5      | Reached skill level 5 in Unarmed Combat
  4106 | D:5      | Killed Prince Ribbit
  4107 | D:5      | Your scales start taking on a glossy black colour.
  4107 | D:5      | Reached XP level 7. HP: 41/57 MP: 8/10
  4107 | D:5      | Gained mutation: You are resistant to electric shocks.
                  | (rElec) [Black Draconian growth]
  4261 | D:5      | Reached skill level 6 in Unarmed Combat
  4498 | D:5      | Noticed Sigmund
  4514 | D:5      | Killed Sigmund
  4633 | D:5      | Found a staircase to the Ecumenical Temple.
  4698 | D:5      | Noticed Grinder
  4725 | D:5      | Killed Grinder
  4726 | D:5      | Reached skill level 7 in Unarmed Combat
  4726 | D:5      | Reached XP level 8. HP: 38/67 MP: 9/11
  5034 | D:5      | Found a runed translucent door.
  5035 | D:5      | Noticed Crazy Yiuf
  5341 | Temple   | Entered the Ecumenical Temple
  5603 | Temple   | Became a worshipper of Ru the Awakened
  5775 | D:5      | Learned a level 4 spell: Ice Form
  5816 | D:5      | Killed Crazy Yiuf
  5954 | D:6      | Reached skill level 5 in Transmutations
  6157 | D:6      | Reached skill level 5 in Fighting
  6510 | D:6      | Reached skill level 1 in Ice Magic
  7291 | D:6      | Reached skill level 8 in Unarmed Combat
  7600 | D:6      | Slain by a gnoll

Illustrated notes

Levels and vault maps discovered:
D:1:      minmay_arrival_wavy_path, layout_rooms, serial_shops,
          nicolae_shop_waterfront, shapermc_ecumenical_altar_mp_highgroup,
          minivault_4
D:2:      layout_loops_cross, serial_shops, nicolae_diamond_shop, shop, shop,
          shop, minmay_box_of_dots
D:3:      layout_basic, chequers_serial_rivers_large_b, minmay_strange_pillars,
          st_stairs_12
D:4:      cheibrodos_greedy_goblins, layout_rooms,
          gammafunk_temple_overflow_statue, mainiacjoe_overflow_surrounded_room
D:5:      layout_basic, minmay_temple_entry_ruins, uniq_prince_ribbit1,
          uniq_sigmund, uniq_grinder, uniq_crazy_yiuf_cottage
D:6:      layout_basic, kennysheep_slug_shrine, serial_bayou,
          serial_bayou_pond_c, serial_bayou_pond_e, serial_bayou_shore_a,
          serial_bayou_lagoon_a, serial_bayou_shore_b, serial_bayou_lake_a
Temple:   dpeg_five_rooms_temple

Skill      XL: |  1  2  3  4  5  6  7  8 |
---------------+-------------------------+-----
Fighting       | 2 3 4 5 |  5.6
Poison Magic   | 1 2 3 |  3.0
Unarmed Combat | 4 5 7 8 |  8.1
Transmutations | 3 4 5 |  5.6
Ice Magic      | 2 |  2.2
Dodging        | |  1.7
Spellcasting   | |  2.0

Action                   |  1- 3 |  4- 6 |  7- 9 || total
-------------------------+-------+-------+-------++-------
Melee: Unarmed           |   105 |    93 |   108 ||   306
       Kick              |    17 |    19 |     2 ||    38
       Tailslap          |    11 |    10 |     2 ||    23
       Headbutt          |    12 |     9 |     2 ||    23
       Punch             |     1 |     1 |     1 ||     3
       Dagger            |       |    57 |    25 ||    82
 Cast: Beastly Appendage |    25 |    18 |     1 ||    44
       Spider Form       |       |     3 |    12 ||    15
       Ice Form          |       |       |     2 ||     2
  Use: Scroll            |     2 |     7 |     3 ||    12
       Potion            |       |     3 |       ||     3
 Stab: Sleeping          |     2 |     1 |       ||     3
Armor: Skin              |    35 |    41 |    10 ||    86
Dodge: Dodged            |    73 |   116 |   123 ||   312

Table legend: (Time is in decaauts)
 A = Elapsed time spent in this place.
 B = Non-inter-level travel time spent in this place.
 C = Inter-level travel time spent in this place.
 D = Time resting spent in this place.
 E = Time spent auto-exploring this place.
 F = Levels seen in this place.
 G = Mean time per level.
                   A        B        C        D        E       F      G
               +--------+--------+--------+--------+--------+-----+--------+
         Total |   7620 |   7244 |    376 |    481 |   5774 |   7 | 1088.6 |
       Dungeon |   7329 |   7031 |    298 |    481 |   5573 |   6 | 1221.5 |
        Temple |    291 |    213 |     78 |      0 |    201 |   1 |  291.0 |
               +--------+--------+--------+--------+--------+-----+--------+

Top non-repeatable levels by time:
     D:5: 2123 daAuts
     D:6: 1501 daAuts
     D:3: 1163 daAuts
     D:1: 937 daAuts
     D:2: 885 daAuts
     D:4: 717 daAuts
  Temple: 291 daAuts
